 Dungeon Crawl Stone Soup version 0.31.0-11-ge490571c62 (webtiles) character file.

Game seed: 10757324646738091038

73 qw the Shooter (level 4, 0/22 HPs)
             Began as a Spriggan Hunter on Feb 4, 2024.
             Killed from afar by an orc wizard (9 damage)
             ... with a magic dart
             ... on level 2 of the Dungeon.
             The game lasted 00:00:02 (537 turns).

qw the Shooter (Spriggan Hunter)                     Turns: 537, Time: 00:00:03

Health: 0/22       AC:  2    Str:  7    XL:     4   Next: 8%
Magic:  5/5        EV: 19    Int: 10    God:
Gold:   28         SH:  0    Dex: 20    Spells: 3/3 levels left

rFire   . . .        a - +0 shortbow
rCold   . . .        (shield currently unavailable)
rNeg    . . .        c - +0 robe
rPois   .            (helmet restricted)
rElec   .            (no cloak)
rCorr   .            (gloves unavailable)
SInv    +            (boots unavailable)
Will    .....        (no amulet)
Stlth   ++           (no ring)
HPRegen 0.23/turn    (no ring)
MPRegen 0.09/turn

%: no passive effects
@: very quick
A: very small, no large weapons, unfitting armour, see invisible, speed 3
a: no special abilities


You were on level 2 of the Dungeon.
You visited 1 branch of the dungeon, and saw 2 of its levels.

You collected 28 gold pieces.


Innate Abilities, Weirdness & Mutations

You are very small and have problems with some larger weapons.
You are too small for most types of armour.
You have supernaturally acute eyesight. (SInv)
You cover ground extremely quickly. (Speed+++)


   Skills:
 - Level 1.5 Fighting
 - Level 5.2 Ranged Weapons
 + Level 4.0 Dodging
 - Level 1.5 Stealth


You had 3 spell levels left.
You didn't know any spells.
Your spell library was empty.

Inventory:

Hand Weapons
 a - a +0 shortbow (weapon)
Armour
 c - a +0 robe (worn)
Scrolls
 d - a scroll of teleportation

Dungeon Overview and Level Annotations

Branches:
Dungeon (2/15)

Altars:


Message History

You shoot an arrow.
The arrow hits the orc wizard but does no damage.
The orc wizard is moderately wounded.
The orc wizard completely misses you.
The orc wizard gestures wildly while chanting.
The orc wizard flickers and vanishes for a moment.
You shoot an arrow.
The arrow closely misses the orc wizard.
The orc wizard misses you.
An adder comes into view.
You shoot an arrow. The arrow hits the orc wizard!
The orc wizard is severely wounded.
The orc wizard hits you with a +0 dagger.
You shoot an arrow. The arrow hits the orc wizard.
The orc wizard is severely wounded.
The orc wizard completely misses you.
You shoot an arrow. The arrow barely misses the orc wizard.
The arrow hits the orc wizard.
The orc wizard is moderately wounded.
The orc wizard points at you and mumbles some strange words.
The magic dart hits you.
You shoot an arrow. The arrow hits the orc wizard.
You kill the orc wizard!
The adder barely misses you.
Your Ranged Weapons skill increases to level 5!
You have reached level 4!
You shoot an arrow. The arrow hits the adder!
The adder is almost dead.
The adder misses you.
You shoot an arrow. The arrow barely misses the adder.
The arrow barely misses the orc wizard.
The adder bites you but does no damage. The adder completely misses you.
You shoot an arrow. The arrow misses the adder.
The arrow barely misses the orc wizard.
The adder bites you but does no damage.
You shoot an arrow. The arrow hits the adder.
You kill the adder!
The orc wizard points at you and mumbles some strange words.
The magic dart hits you!
You die...

###### ### ###....#
....###.(....#
.............# #####
.............####......
.......<%......@)o.....
............#####)#####
............# ).
#...........# ##
....>.........
.......######## ......#
......


You could see an orc wizard (invisible).

Vanquished Creatures
  An orc wizard (D:2)
  A gnoll (D:1)
  An adder (D:2)
  A dart slug (D:1)
  2 orcs (D:2)
  4 ball pythons
  6 endoplasms (D:1)
  4 giant cockroaches (D:1)
  A goblin (D:1)
  A kobold (D:1)
  4 quokkas (D:1)
  2 bats (D:1)
  A frilled lizard (D:1)
  4 rats (D:1)
33 creatures vanquished.

Notes
Turn   | Place    | Note
-------+----------+-------------------------------------------
     0 | D:1      | qw the Spriggan Hunter began the quest for the Orb.
     0 | D:1      | Reached XP level 1. HP: 10/10 MP: 2/2
     0 | D:1      | 0 ||| qw: Version: 0.3-a-160-g6735b56
     0 | D:1      | 0 ||| qw: Game counter: 4870
     0 | D:1      | 0 ||| qw: Melee chars always use a shield: true
     0 | D:1      | 0 ||| qw: God list: Okawaru
     0 | D:1      | 0 ||| qw: Allow faded altars: false
     0 | D:1      | 0 ||| qw: Do Orc after clearing Dungeon:15 true
     0 | D:1      | 0 ||| qw: Do second Lair branch before Depths: true
     0 | D:1      | 0 ||| qw: Lair rune preference: random
     0 | D:1      | 0 ||| qw: Goals: Normal
     0 | D:1      | 0 ||| PLANNING D:1-11
    51 | D:1      | Reached skill level 3 in Dodging
    62 | D:1      | Reached XP level 2. HP: 14/14 MP: 3/3
   267 | D:1      | Reached XP level 3. HP: 18/18 MP: 4/4
   472 | D:1      | 472 ||| READING 2 scrolls labelled OPACANLOSIT.
   476 | D:1      | 476 ||| READING scroll labelled YFOATU RAECUOK.
   477 | D:1      | 477 ||| READING scroll labelled VUTREUMIEN.
   478 | D:1      | 478 ||| DROPPING scroll of butterflies.
   498 | D:2      | 498 ||| STAIRDANCE
   505 | D:2      | 505 ||| STAIRDANCE
   534 | D:2      | Reached skill level 5 in Ranged Weapons
   534 | D:2      | Reached XP level 4. HP: 8/22 MP: 5/5
   537 | D:2      | Killed from afar by an orc wizard

Levels and vault maps discovered:
D:1:      amcnicky_arrival_underground_garden, layout_basic
D:2:      layout_basic

Skill      XL: |  1  2  3 |
---------------+----------+-----
Dodging        | 3 4 |  4.0
Ranged Weapons | 5 |  5.2
Fighting       | |  1.5
Stealth        | |  1.5

Action                     |  1- 3 |  4- 6 || total
---------------------------+-------+-------++-------
   Fire: Shortbow          |    71 |     4 ||    75
    Use: Scroll            |     3 |       ||     3
 Armour: Robe              |     6 |     3 ||     9
  Dodge: Dodged            |    13 |     2 ||    15

Table legend:
 A = Non-vault XP
 B = Vault XP
 C = Vault XP percentage of total XP
 D = Non-vault monster count
 E = Vault monster count
 F = Vault count percentage of total count
                 A         B        C        D         E       F
            +---------+---------+-------+---------+---------+-------
      Total |     118 |       0 |   0.0 |      33 |       0 |   0.0
            +---------+---------+-------+---------+---------+-------
        D:1 |      62 |       0 |   0.0 |      28 |       0 |   0.0
        D:2 |      56 |       0 |   0.0 |       5 |       0 |   0.0
            +---------+---------+-------+---------+---------+-------
